 Seeded DCSS version 0.29-a0-82-g837932c90e (webtiles) character file.

Game seed: 10000000000011 (custom seed)

252 knot the Chopper (level 5, -6/41 HPs)
             Began as a Demonspawn Berserker on Feb 4, 2022.
             Was a Believer of Trog.
             Killed from afar by Dowan (8 damage)
             ... with a puff of flame
             ... on level 4 of the Dungeon on Feb 5, 2022.
             The game lasted 00:03:04 (3155 turns).

knot the Chopper (Demonspawn Berserker)             Turns: 3155, Time: 00:03:05

Health: -6/41      AC:  2    Str: 17    XL:     5   Next: 89%
Magic:  5/5        EV: 12    Int: 11    God:    Trog [**....]
Gold:   109        SH:  0    Dex: 12    Spells: 4/4 levels left

rFire   . . .      SeeInvis .   a - +0 hand axe
rCold   . . .      Faith    .   (no shield)
rNeg    . . .      Spirit   .   b - +0 animal skin
rPois   .          Reflect  .   (no helmet)
rElec   .          Harm     .   (no cloak)
rCorr   .          Rampage  .   (no gloves)
Will    .....                   (no boots)
Stlth   +.........              (no amulet)
HPRegen 0.13/turn               (no ring)
MPRegen 0.18/turn               (no ring)

@: on berserk cooldown, slowed, very slow
A: magic regeneration, demonic touch 1
a: Renounce Religion, Berserk, Trog's Hand


You were on level 4 of the Dungeon.
You worshipped Trog.
Trog was pleased with you.
You visited 2 branches of the dungeon, and saw 5 of its levels.

You collected 109 gold pieces.

Inventory:

Hand Weapons
 a - a +0 hand axe (weapon)
Missiles
 g - 91 stones (quivered)
 j - 2 poisoned darts
Armour
 b - a +0 animal skin (worn)
Jewellery
 d - an amulet of reflection
Wands
 o - a wand of polymorph (5)
Scrolls
 c - a scroll of amnesia {unknown}
 k - a scroll of identify {unknown}
 m - a scroll of blinking
 n - a scroll of fog {unknown}
Potions
 e - a potion of curing {unknown}
 f - a potion of lignification {unknown}
 h - a potion of magic {unknown}
 i - a potion of might {unknown}
 l - a potion of heal wounds {unknown}


   Skills:
 - Level 3.3 Fighting
 + Level 5.6 Axes
 - Level 2.2 Armour
 - Level 2.2 Dodging


You had 4 spell levels left.
You didn't know any spells.
Your spell library contained the following spells:

 Spells                   Type           Power      Damage    Failure   Level
 Corpse Rot               Necr/Air       0%         N/A       47%         2
 Poisonous Vapours        Pois/Air       0%         N/A       47%         2


Dungeon Overview and Level Annotations

Branches:
Dungeon (4/15)             Temple (1/1) D:4

Altars:
Makhleb
Qazlal
Sif Muna

Shops:
D:3 [

Annotations:
D:4 Dowan


Innate Abilities, Weirdness & Mutations

You regenerate magic rapidly.
Your touch may inflict minor irresistible damage on your foes.


Message History

There is an open door here.
A red film seems to cover your vision as you go berserk!
You feel yourself moving faster!
You feel mighty! Dowan misses you. Dowan hits you but does no damage.
You hit Dowan.
Dowan is moderately wounded.
Dowan hits you with a +0 dagger.
You closely miss Dowan.
Dowan is moderately wounded.
Dowan hits you with a +0 dagger.
You barely miss Dowan.
You touch Dowan.
Dowan is heavily wounded.
Dowan points at you and mumbles some strange words.
The shard of ice hits you!
You barely miss Dowan. Your touch misses Dowan.
Dowan is heavily wounded.
Dowan gestures wildly while chanting.
Dowan blinks!
Dowan zaps a wand.
The puff of flame hits you.
There is an open door here.
You feel a strong urge to attack something.
Dowan zaps a wand.
The puff of flame hits you!
You are too injured to fight recklessly!
You are too injured to fight recklessly!
You are too injured to fight recklessly!
You are too injured to fight recklessly!
Unknown command.
Dowan gestures at you while chanting. The shard of ice hits you!
* * * LOW HITPOINT WARNING * * *
There is a staircase to the Ecumenical Temple here.
You feel your anger nearly subside.
You are no longer berserk.
You are exhausted.
You feel yourself slow down.
Dowan zaps a wand.
The puff of flame misses you.
You hit Dowan.
Dowan is heavily wounded.
Dowan zaps a wand.
The puff of flame hits you!
* * * LOW HITPOINT WARNING * * *
Dowan zaps a wand.
The puff of flame hits you!
You die...

...####).......#
......
#.....)######.#
###...... ######.##
#.# ##........ #..#
#.# ##..##.)... ##.#
#.# #.)## ...( #.#
###.### #r###..e...
#.# ###+###
#..........
#.####⌠.⌠####.####$..
. #....e@>.'....#
#.####⌠.⌠###### #.#
###'### #.# ###.###
#)# #.# ### #.# #.#
..# ...


You could see Dowan (fast).

Vanquished Creatures
  An ogre (D:3)
  An orc priest (D:4)
  A centaur skeleton (D:4)
  4 adders
  A river rat (D:4)
  2 orcs (D:4)
  7 bats
  5 endoplasms
  2 giant cockroaches
  4 goblins
  5 hobgoblins
  14 jackals
  A ball python (D:2)
  5 frilled lizards
  3 kobolds
  5 rats
61 creatures vanquished.

Notes
Turn   | Place    | Note
-------+----------+-------------------------------------------
     0 | D:1      | knot the Demonspawn Berserker began the quest for the Orb.
     0 | D:1      | Reached XP level 1. HP: 18/18 MP: 1/1
   278 | D:1      | Gained mutation: You regenerate magic rapidly. [demonic
                  | ancestry]
   278 | D:1      | Reached XP level 2. HP: 21/24 MP: 2/2
   656 | D:1      | Reached skill level 3 in Axes
  1164 | D:2      | Gained mutation: Your touch may inflict minor irresistible
                  | damage on your foes. [demonic ancestry]
  1164 | D:2      | Reached XP level 3. HP: 29/29 MP: 3/3
  1236 | D:2      | Reached ** piety under Trog
  1712 | D:2      | Reached XP level 4. HP: 28/35 MP: 4/4
  2133 | D:3      | Noticed an ogre
  2145 | D:3      | Killed an ogre
  2146 | D:3      | Reached skill level 4 in Axes
  2146 | D:3      | Reached XP level 5. HP: 22/41 MP: 5/5
  2346 | D:3      | Found Daocsar's Antique Armour Emporium.
  2480 | D:3      | Reached skill level 5 in Axes
  3025 | D:4      | Found a staircase to the Ecumenical Temple.
  3047 | D:4      | Noticed Duvessa
  3050 | D:4      | Noticed Duvessa
  3050 | D:4      | Duvessa changed into Duvessa the river rat
  3054 | D:4      | Noticed Dowan
  3066 | D:4      | Killed Duvessa the river rat
  3068 | Temple   | Entered the Ecumenical Temple
  3155 | D:4      | HP: 2/41 [Dowan/puff of flame (9)]
  3155 | D:4      | Killed from afar by Dowan

Illustrated notes

Levels and vault maps discovered:
D:1:      lordsloth_arrival_two_stooges, layout_basic, grunt_decor_fettered,
          minmay_misc_feat_diagonals, nicolae_concentric_dashed_squares_wild
D:2:      layout_rooms, hangedman_decor_clover_reticule
D:3:      layout_basic, serial_shops, shop, kennysheep_path_1
D:4:      layout_rooms, temple_doors_e, uniq_duvessa, uniq_ijyb
Temple:   dshaligram_water_room_temple

Skill      XL: |  1  2  3  4  5 |
---------------+----------------+-----
Armour         | 2 |  2.2
Dodging        | 2 |  2.2
Axes           | 3 4 5 |  5.6
Fighting       | |  3.3

Action                   |  1- 3 |  4- 6 || total
-------------------------+-------+-------++-------
Melee: Hand axe          |    94 |    52 ||   146
       Punch             |     1 |       ||     1
       Touch             |     4 |    10 ||    14
Invok: Berserk           |     2 |     4 ||     6
Evoke: Wand              |       |     3 ||     3
  Use: Scroll            |       |     1 ||     1
 Stab: Sleeping          |     1 |       ||     1
Armor: Animal skin       |    20 |    19 ||    39
Dodge: Dodged            |    84 |    39 ||   123

Table legend: (Time is in decaauts)
 A = Elapsed time spent in this place.
 B = Non-inter-level travel time spent in this place.
 C = Inter-level travel time spent in this place.
 D = Time resting spent in this place.
 E = Time spent auto-exploring this place.
 F = Levels seen in this place.
 G = Mean time per level.
                   A        B        C        D        E       F      G
               +--------+--------+--------+--------+--------+-----+--------+
         Total |   3228 |   3169 |     59 |    794 |   1992 |   5 |  645.6 |
       Dungeon |   3141 |   3082 |     59 |    712 |   1992 |   4 |  785.2 |
        Temple |     86 |     86 |      0 |     82 |      0 |   1 |   86.0 |
               +--------+--------+--------+--------+--------+-----+--------+

Top non-repeatable levels by time:
     D:1: 1168 daAuts
     D:3: 980 daAuts
     D:2: 901 daAuts
     D:4: 90 daAuts
  Temple: 86 daAuts
